 Dungeon Crawl Stone Soup version 0.29.1-12-g30fa7ad0bf (webtiles) character file.

Game seed: 7348044433982801989

1254 yeehawbw the Insei (level 8, -1/54 HPs)
             Began as an Octopode Transmuter on Jan 11, 2023.
             Was an Initiate of Makhleb.
             Slain by a killer bee (3 damage)
             ... on level 6 of the Dungeon.
             The game lasted 00:39:09 (7621 turns).

yeehawbw the Insei (Octopode Transmuter)            Turns: 7621, Time: 00:39:09

Health: -1/54      AC:  1    Str:  9    XL:     8   Next: 51%
Magic:  13/14      EV: 15    Int: 15    God:    Makhleb [......]
Gold:   307        SH:  0    Dex: 15    Spells: 8/15 levels left

rFire   . . .      SeeInvis .     - Unarmed
rCold   . . .      Faith    .   (no shield)
rNeg    . . .      Spirit   .   (helmet currently unavailable)
rPois   .          Reflect  .   o - amulet of the acrobat
rElec   .          Harm     .   (no ring)
rCorr   .          Rampage  .   (no ring)
Will    .....                   (no ring)
Stlth   ++........              (no ring)
HPRegen 0.18/turn               (no ring)
MPRegen 0.14/turn               (no ring)
                                (no ring)
                                (no ring)

@: lethally poisoned (-1 -> -28), about to teleport, appendages
A: tentacle spike 3, almost no armour, amphibious, 8 rings, camouflage 1,
gelatinous body 1, (nimble swimmer 1), tentacles
a: End Transformation, Renounce Religion


You were on level 6 of the Dungeon.
You worshipped Makhleb.
Makhleb was noncommittal.
One of your tentacles had grown a beastly spike.
You visited 2 branches of the dungeon, and saw 7 of its levels.

You collected 307 gold pieces.

Inventory:

Hand Weapons
 s - a +0 rapier of flaming
 v - a +0 vorpal flail
Missiles
 e - 7 atropa-tipped darts
 p - 2 throwing nets
Armour
 n - a +2 kite shield
Jewellery
 o - an amulet of the acrobat (around mantle)
Wands
 q - a wand of charming (4)
Scrolls
 d - a scroll of silence {unknown}
 f - a scroll of blinking
 g - a scroll of magic mapping {unknown}
 h - 2 scrolls of immolation
 j - a scroll of amnesia
 k - 2 scrolls of teleportation
 m - a scroll of fear
 r - a scroll of vulnerability {unknown}
Potions
 a - 2 potions of lignification
 b - 2 potions of curing
 c - a potion of might
 i - a potion of brilliance
 l - a potion of attraction
 t - a potion of invisibility
 u - a potion of flight
 w - a potion of heal wounds {unknown}


   Skills:
 + Level 4.3 Fighting
 + Level 4.6 Dodging
 + Level 5.3 Unarmed Combat
 + Level 4.4 Spellcasting
 + Level 5.0 Transmutations


You had 8 spell levels left.
You knew the following spells:

 Your Spells              Type           Power      Damage    Failure   Level
a - Beastly Appendage     Tmut           36%        N/A       2%          1
b - Wereblood             Tmut           18%        N/A       3%          2
c - Sting                 Tmut/Pois      40%        1d5       6%          1
d - Spider Form           Tmut/Pois      10%        N/A       19%         3

Your spell library contained the following spells:

 Spells                   Type           Power      Damage    Failure   Level
 Freeze                   Ice            12%        1d4       17%         1
 Poisonous Vapours        Pois/Air       6%         N/A       26%         2
 Frozen Ramparts          Ice            6%         1d1       45%         3
 Ice Form                 Ice/Tmut       10%        N/A       52%         4
 Hailstorm                Conj/Ice       3%         3d3       86%         4
 Olgreb's Toxic Radiance  Pois           3%         N/A       86%         4


Dungeon Overview and Level Annotations

Branches:
Dungeon (6/15)             Temple (1/1) D:6

Altars:
Cheibriados
Fedhas
Hepliaklqana
Makhleb
Nemelex Xobeh
Okawaru
Qazlal
Sif Muna
Trog
Vehumet
Wu Jian
Zin

Shops:
D:5 *

Annotations:
Temple 2 transporters


Innate Abilities, Weirdness & Mutations

One of your tentacles has grown a beastly spike.
You cannot wear most types of armour.
You are amphibious.
You can wear up to eight rings at the same time.
Your skin changes colour to match your surroundings (Stealth+).
Your rubbery body absorbs attacks. (AC +1, EV +1)
((You are camouflaged when in or above water. (Stealth+)))
You have tentacles for arms and can constrict up to eight enemies at once.


Message History

The killer bee buzzes angrily. x2
Your grab misses the killer bee. Your squeeze misses the killer bee.
The killer bee is lightly wounded.
You feel sick.
You hear an angry buzzing noise.
You hear a shout! x2
The killer bee barely misses you.
A killer bee comes into view.
The killer bee stings you.
The killer bee moves out of view.
You miss the killer bee. You grab the killer bee.
Your tentacle spike misses the killer bee.
You squeeze the killer bee.
The killer bee is moderately wounded.
You constrict the killer bee.
You feel sick. The killer bee barely misses you. The killer bee stings you.
Casting: Beastly Appendage (safe; 2% risk of failure)
Confirm with . or Enter, or press ? or * to list all spells.
Okay, then.
You bludgeon the killer bee!
You pierce the killer bee.
Your squeeze misses the killer bee.
The killer bee is severely wounded.
You constrict the killer bee.
You feel sick. The killer bee stings you.
You tentacle-slap the killer bee.
You kill the killer bee!
Makhleb accepts your kill. The killer bee stings you.
The killer bee closely misses you. The killer bee stings you!
You are more poisoned.
The killer bee poisons you! The killer bee closely misses you.
As you read the scroll of teleportation, it crumbles to dust.
You feel strangely unstable.
You feel very sick. The killer bee misses you. The killer bee stings you!
* * * LOW HITPOINT WARNING * * *
You are lethally poisoned!
The killer bee poisons you! The killer bee stings you!
* * * LOW HITPOINT WARNING * * *
You are more poisoned.
The killer bee poisons you! The killer bee misses you.
The killer bee stings you.
You die...

? ..#.....# y
....../...#
.##.#.....h.##
.............
#.#.......#
##.........#.
####..yy[.......
......y@........
####.##..#####..
#.##..####
#........#
#..##.##.#
#..##.# #
#..##.. #..##.##
##.##.##.#


You could see a black bear and 3 killer bees.

Vanquished Creatures
  2 ogres
  A phantom (D:4)
  A kobold brigand (D:4)
  2 necrophages (D:5)
  6 scorpions
  A killer bee (D:6)
  A howler monkey (D:4)
  2 hounds (D:5)
  A jelly (D:4)
  A gnoll bouda (D:5)
  An iguana (D:5)
  8 gnolls (D:5)
  6 adders
  2 shadow imps
  2 worms (D:2)
  9 orcs
  4 bats
  8 endoplasms
  A giant cockroach (D:3)
  7 goblins
  4 hobgoblins
  8 jackals
  4 kobolds
  7 quokkas
  5 ball pythons
  7 frilled lizards
  7 rats
108 creatures vanquished.

Notes
Turn   | Place    | Note
-------+----------+-------------------------------------------
     0 | D:1      | yeehawbw the Octopode Transmuter began the quest for the
                  | Orb.
     0 | D:1      | Reached XP level 1. HP: 13/13 MP: 3/3
   167 | D:1      | Reached XP level 2. HP: 14/18 MP: 3/5
  1088 | D:1      | Reached XP level 3. HP: 23/23 MP: 4/6
  1793 | D:2      | Reached XP level 4. HP: 23/29 MP: 5/7
  2074 | D:2      | Found a sparkling altar of Nemelex Xobeh.
  2324 | D:2      | Learned a level 2 spell: Wereblood
  2326 | D:2      | Learned a level 1 spell: Sting
  2453 | D:2      | Found a faded altar of an unknown god.
  3895 | D:4      | Noticed a kobold brigand
  3896 | D:4      | Reached XP level 5. HP: 30/34 MP: 6/9
  3908 | D:4      | Killed a kobold brigand
  4223 | D:4      | Reached XP level 6. HP: 31/41 MP: 6/10
  4528 | D:4      | Reached XP level 7. HP: 25/46 MP: 10/12
  5566 | D:5      | Entered Level 5 of the Dungeon
  5573 | D:5      | Found Xid Xeaw's Assorted Antiques.
  5888 | D:5      | Learned a level 3 spell: Spider Form
  6046 | D:5      | Reached XP level 8. HP: 41/54 MP: 11/14
  6057 | D:5      | Reached skill level 5 in Unarmed Combat
  7042 | D:5      | Reached skill level 5 in Transmutations
  7375 | D:6      | Found a staircase to the Ecumenical Temple.
  7387 | Temple   | Entered the Ecumenical Temple
  7387 | Temple   | Found a transporter.
  7387 | Temple   | Found a transporter.
  7389 | Temple   | Found a transporter.
  7389 | Temple   | Found a transporter.
  7436 | Temple   | Became a worshipper of Makhleb the Destroyer
  7621 | D:6      | HP: 2/54 [killer bee (9)]
  7621 | D:6      | Slain by a killer bee

Illustrated notes

Levels and vault maps discovered:
D:1:      minmay_arrival_glassed_features, layout_loops_corners
D:2:      layout_rooms, basic_altar, shapermc_ecumenical_altar_hornbeckon,
          amethyst_killhole, minmay_pentomino_w2
D:3:      layout_basic
D:4:      layout_basic
D:5:      layout_loops_corners, serial_shops, shop
D:6:      layout_loops_ring, nicolae_overflow_hallway_of_the_gods,
          mainiacjoe_overflow_alcove_2, evilmike_ruin_ashenzari,
          temple_fountains
Temple:   hellmonk_temple_divided_pantheon

Skill      XL: |  1  2  3  4  5  6  7  8 |
---------------+-------------------------+-----
Fighting       | 2 3 4 |  4.3
Transmutations | 3 4 5 |  5.0
Dodging        | 3 4 |  4.6
Unarmed Combat | 4 5 |  5.3
Spellcasting   | 3 4 |  4.4

Action                   |  1- 3 |  4- 6 |  7- 9 || total
-------------------------+-------+-------+-------++-------
Melee: Unarmed           |    73 |   115 |   132 ||   320
       Constrict         |    15 |    25 |    33 ||    73
       Tentacles         |    15 |    23 |    41 ||    79
       Punch             |     4 |     6 |     6 ||    16
       Kick              |    17 |    16 |    51 ||    84
 Cast: Beastly Appendage |    14 |     7 |    12 ||    33
       Wereblood         |       |     1 |     1 ||     2
       Sting             |       |     1 |     1 ||     2
  Use: Scroll            |       |     8 |     4 ||    12
 Stab: Sleeping          |     2 |     6 |     3 ||    11
Armor: Skin              |     1 |     3 |     4 ||     8
Dodge: Dodged            |    37 |    58 |    71 ||   166
Block: Kite shield       |       |     2 |       ||     2
